 Dungeon Crawl Stone Soup version 0.16-a0-3518-gebcadde (webtiles) character file.

35 Gronka the Grasshopper (level 3, -6/24 HPs)
             Began as a Halfling Warper on Jan 6, 2015.
             Mangled by a worm (11 damage)
             ... on level 2 of the Dungeon.
             The game lasted 00:09:17 (801 turns).

Gronka the Grasshopper (Halfling Warper)             Turns: 801, Time: 00:09:17

Health: -6/24      AC:  3    Str: 11    XL:     3   Next: 55%
Magic:  5/5        EV: 15    Int: 12    God:
Gold:   57         SH:  0    Dex: 14    Spells: 2 memorised, 2 levels left

rFire  . . .     SeeInvis .     a - +0 short sword
rCold  . . .     Clarity  .     b - +0 leather armour
rNeg   . . .     SustAb   .     (no shield)
rPois  .         Gourm    .     (no helmet)
rElec  .         Spirit   .     (no cloak)
rCorr  .         Warding  .     (no gloves)
rMut   +         Stasis   .     (no boots)
MR     .....                    m - amulet of resist mutation
Stlth  ++........               (no ring)
                                (no ring)

@: not resistant to hostile enchantments, unstealthy
A: mutation resistance 1
a: no special abilities


You were on level 2 of the Dungeon.
You were not hungry.

You visited 1 branch of the dungeon, and saw 2 of its levels.

You collected 57 gold pieces.

Inventory:

Hand weapons
 a - a +0 short sword (weapon)
 o - a +0 hand axe
Missiles
 r - 19 silver bolts
Armour
 b - a +0 leather armour (worn)
Jewellery
 m - an amulet of resist mutation (around neck)
Magical devices
 p - a wand of confusion (19)
Scrolls
 d - a scroll of blinking
 g - 2 scrolls of remove curse {unknown}
 j - a scroll of random uselessness {unknown}
 k - a scroll of noise {unknown}
 l - a scroll of teleportation {unknown}
 n - a scroll of magic mapping {unknown}
Potions
 e - 2 potions of haste {unknown}
 h - a potion of cancellation {unknown}
Books
 c - a book of Spatial Translocations

   Spells                             Type                      Level
   a - Apportation                    Translocation                1
   b - Blink                          Translocation                2
   c - Shroud of Golubria             Charms/Translocation         2
   d - Portal Projectile              Translocation                3
   e - Teleport Other                 Translocation                3
   f - Passage of Golubria            Translocation                4
Comestibles
 f - 3 bread rations
 i - 2 beef jerkies
 q - a meat ration


   Skills:
 + Level 1.9 Fighting
 + Level 2.6 Short Blades
 + Level 1.3 Throwing
 + Level 1.2 Armour
 + Level 3.0 Dodging
 * Level 1.4 Stealth
 + Level 1.6 Spellcasting
 + Level 3.5 Translocations


You had 2 spell levels left.
You knew the following spells:

 Your Spells              Type           Power        Failure   Level  Hunger
a - Apportation           Tloc           #.........   8%          1    ##.....
b - Blink                 Tloc           N/A          12%         2    ###....


Dungeon Overview and Level Annotations

Branches:
Dungeon (2/15)

Altars:
Dithmenos
Xom
The Shining One


Innate Abilities, Weirdness & Mutations

You are small and have problems with some larger weapons.
You are somewhat resistant to further mutation.


Message History

Found a stone staircase leading up.
Found a bread ration.
Found a short sword.
Found a glowing golden altar of the Shining One.
You see here a bread ration.
The worm barely misses you.
f - 3 bread rations (gained 1)
You hit the worm.
The worm is lightly wounded.
The worm barely misses you.
You hit the worm.
The worm is moderately wounded.
You hit the worm.
The worm is moderately wounded.
The worm bites you!
* * * LOW HITPOINT WARNING * * *
You hit the worm.
The worm is heavily wounded.
The worm bites you!
You die...

........w...##......_
.......##...# ..#....
........%...####....)...
.......####..##.....⌠....
.......# ##..#...........
.......###.....#.._..._...
........................#
.......##w..>..#.##...#
...............#@...##### ###
.................w......#...#
##...#..........##......#.#.##
.....#................(......#
...#.#...........##.......####
.....#w##.....####.........#
.....#.##.....##...........#
?....#........##.###......##
#.>.......###....# #.....##


You could see a worm.

Vanquished Creatures
  5 bats
  A giant cockroach (D:1)
  4 goblins
  7 hobgoblins (D:1)
  5 giant newts
  6 kobolds
  4 rats
32 creatures vanquished.

Notes
Turn   | Place    | Note
--------------------------------------------------------------
     0 | D:1      | Gronka, the Halfling Warper, began the quest for the Orb.
     0 | D:1      | Reached XP level 1. HP: 14/14 MP: 2/2
   114 | D:1      | Reached XP level 2. HP: 14/19 MP: 3/3
   119 | D:1      | Learned a level 2 spell: Blink
   134 | D:1      | Reached skill level 1 in Stealth
   310 | D:1      | Reached XP level 3. HP: 24/24 MP: 5/5
   366 | D:1      | Found a glowing golden altar of the Shining One.
   691 | D:2      | Found a shimmering altar of Xom.
   699 | D:2      | Found a shadowy altar of Dithmenos.
   791 | D:2      | Found a glowing golden altar of the Shining One.
   801 | D:2      | Mangled by a worm

Action                   || total
-------------------------++-------
Melee: Short sword       ||   140
Throw: Tomahawk          ||     5
 Cast: Blink             ||     1
 Stab: Sleeping          ||     1
